 Dungeon Crawl Stone Soup version 0.22-a0-799-g88f5e90 (webtiles) character file.

1628 Hebeh the Thaumaturge (level 8, -1/41 HPs)
             Began as a Deep Elf Conjurer on July 21, 2018.
             Was an Initiate of Vehumet.
             Slain by a worker ant (4 damage)
             ... on level 6 of the Dungeon.
             The game lasted 00:28:55 (7162 turns).

Hebeh the Thaumaturge (Deep Elf Conjurer)           Turns: 7162, Time: 00:28:56

Health: -1/41      AC:  5    Str:  5    XL:     8   Next: 65%
Magic:  1/24       EV: 13    Int: 23    God:    Vehumet [......]
Gold:   334        SH:  0    Dex: 15    Spells: 16/27 levels left

rFire    . . .     SeeInvis .   b - +1 hunting sling (velocity)
rCold    . . .     Gourm    .   (no shield)
rNeg     . . .     Faith    .   J - +0 robe
rPois    .         Spirit   .   (no helmet)
rElec    .         Reflect  .   I - +0 cloak
rCorr    .         Harm     .   (no gloves)
MR       .....                  G - +1 pair of boots
Stlth    ++........             E - amulet of magic regeneration
HPRegen  0.13/turn              (no ring)
MPRegen  0.44/turn              (no ring)

@: no status effects
A: no striking features
a: Renounce Religion


You were on level 6 of the Dungeon.
You worshipped Vehumet.
Vehumet was noncommittal.
You were hungry.

You visited 1 branch of the dungeon, and saw 6 of its levels.

You collected 334 gold pieces.

Inventory:

Hand Weapons
 a - a +3 mace
 b - a +1 hunting sling of velocity (weapon)
Missiles
 l - 80 arrows
 D - 23 sling bullets (quivered)
Armour
 G - a +1 pair of boots (worn)
 I - a +0 cloak (worn)
 J - a +0 robe (worn)
Jewellery
 E - an amulet of magic regeneration (around neck)
Scrolls
 d - a scroll of vulnerability {unknown}
 e - a scroll of teleportation
 h - 2 scrolls of enchant armour
 i - a scroll of immolation
 r - a scroll of enchant weapon
 z - 3 scrolls of remove curse
 C - a scroll of amnesia
Potions
 g - a potion of degeneration {unknown}
 j - a potion of heal wounds {unknown}
 n - 2 potions of brilliance
 o - 2 potions of haste
 p - a potion of berserk rage {unknown}
 v - 3 potions of curing
 x - 2 potions of might {unknown}
 B - a potion of cancellation {unknown}
 H - 2 potions of flight {unknown}
Comestibles
 c - 9 rations


   Skills:
 - Level 2.4 Dodging
 - Level 2.4 Stealth
 - Level 10.0 Spellcasting
 + Level 10.0 Conjurations


You had 16 spell levels left.
You knew the following spells:

 Your Spells              Type           Power        Failure   Level  Hunger
a - Magic Dart            Conj           ####         1%          1    None
b - Iskenderun's Mystic   Conj           ######..     1%          4    #......
c - Searing Ray           Conj           ######       1%          2    None
d - Force Lance           Conj/Tloc      ####....     7%          4    #......

Your spell library contained the following spells:

 Spells                   Type           Power        Failure   Level  Hunger
 Fulminant Prism          Conj/Hex       ####......   7%          4    #......
 Dazzling Spray           Conj/Hex       ####..       2%          3    None


Dungeon Overview and Level Annotations

Branches:
Dungeon (6/15)
 Temple: D:4-7

Altars:
Ashenzari
Kikubaaqudgha
Okawaru
Sif Muna
Trog
Uskayaw
Vehumet
Xom

Shops:
D:5 *   D:6 [[


Message History

Casting: Magic Dart (safe; 1% risk of failure)
Confirm with . or Enter, or press ? or * to list all spells.
Aiming: Magic Dart (safe; 1% risk of failure)
Press: ? - help, Shift-Dir - straight line, f/p - worker ant
Aim: a worker ant (lightly wounded)
The magic dart hits the worker ant.
The worker ant is lightly wounded.
The worker ant bites you.
* * * LOW HITPOINT WARNING * * *
The worker ant barely misses you.
Okay, then.
Casting: Magic Dart (safe; 1% risk of failure)
Confirm with . or Enter, or press ? or * to list all spells.
Aiming: Magic Dart (safe; 1% risk of failure)
Press: ? - help, Shift-Dir - straight line, f/p - worker ant
Aim: a worker ant (lightly wounded)
The magic dart hits the worker ant.
The worker ant is lightly wounded.
The worker ant bites you.
You die...

##.###.≈≈≈≈≈...#
#......≈≈∩≈≈....
#.##.##≈≈.≈≈##.#
#.##.##.≈.≈###.#
######.##...)..## #..
#.......###..### ###
#.####..###..#
#.####.......# #####
###.@##.###.#####....
##a##.# #..........
##.##.# ######.##..
#.)...# ##.##.#
##.##.# #...#.#
#.##.# #...#.#
#....### #...#.#
#.......# #...#.#
#.#)##..#.#####...#..


You could see a worker ant.

Vanquished Creatures
  Menkaure (D:6)
  A water moccasin (D:6)
  An ice beast (D:6)
  A sky beast (D:6)
  2 ogres
  A necrophage (D:5)
  A phantom (D:5)
  A centaur zombie (D:6)
  2 crimson imps
  A bullfrog zombie (D:6)
  A centaur skeleton (D:6)
  2 hounds
  A jelly (D:6)
  A gnoll shaman (D:2)
  A bullfrog skeleton (D:6)
  2 orc wizards
  Jessica (D:3)
  Natasha (thrice) (D:2)
  2 iguanas (D:4)
  7 gnolls
  11 adders
  2 oozes
  An adder skeleton (D:4)
  An adder zombie (D:5)
  7 worms (D:2)
  A dart slug (D:2)
  5 leopard geckos
  18 orcs
  12 bats
  6 giant cockroaches
  12 goblins
  6 hobgoblins
  16 jackals
  6 kobolds
  4 quokkas
  A ball python (D:2)
  8 frilled lizards
  11 rats
161 creatures vanquished.

Notes
Turn   | Place    | Note
-------+----------+-------------------------------------------
     0 | D:1      | Hebeh the Deep Elf Conjurer began the quest for the Orb.
     0 | D:1      | Reached XP level 1. HP: 10/10 MP: 6/6
     3 | D:1      | Noticed a troll
     8 | D:1      | Noticed a naga
    12 | D:1      | Noticed a spriggan
    18 | D:1      | Noticed a troll
    97 | D:1      | Reached XP level 2. HP: 15/15 MP: 1/8
   576 | D:1      | Reached skill level 5 in Conjurations
   576 | D:1      | Reached XP level 3. HP: 10/19 MP: 1/10
  1023 | D:1      | Learned a level 2 spell: Searing Ray
  1355 | D:2      | Reached XP level 4. HP: 24/24 MP: 8/12
  1361 | D:2      | Learned a level 4 spell: Iskenderun's Mystic Blast
  1366 | D:2      | Learned a level 4 spell: Force Lance
  1387 | D:2      | Noticed Natasha
  1392 | D:2      | Killed Natasha
  1392 | D:2      | Reached skill level 5 in Spellcasting
  1561 | D:2      | Noticed Natasha
  1656 | D:2      | Reached XP level 5. HP: 28/28 MP: 7/14
  1762 | D:2      | Found a shimmering altar of Xom.
  1836 | D:2      | Killed Natasha
  2060 | D:2      | Noticed Natasha
  2067 | D:2      | Killed Natasha
  2977 | D:3      | Reached XP level 6. HP: 32/32 MP: 12/17
  3332 | D:3      | Noticed Jessica
  3337 | D:3      | Killed Jessica
  4068 | D:4      | Found a shattered altar of Ashenzari.
  5238 | D:5      | Entered Level 5 of the Dungeon
  5255 | D:5      | Reached XP level 7. HP: 36/36 MP: 15/20
  5388 | D:5      | Found Ameticw's General Store.
  5616 | D:5      | Found an ancient bone altar of Kikubaaqudgha.
  5616 | D:5      | Found a deep blue altar of Sif Muna.
  5620 | D:5      | Found a bloodstained altar of Trog.
  5627 | D:5      | Found an iron altar of Okawaru.
  5628 | D:5      | Found a radiant altar of Vehumet.
  6139 | D:5      | Became a worshipper of Vehumet
  6176 | D:6      | Noticed Menkaure
  6180 | D:6      | Killed Menkaure
  6180 | D:6      | Reached XP level 8. HP: 22/41 MP: 9/23
  6727 | D:6      | Found a hide-covered altar of Uskayaw.
  6927 | D:6      | Found Beneyxav's Armour Shoppe.
  6932 | D:6      | Reached skill level 10 in Spellcasting
  6973 | D:6      | Found Peypt's Antique Armour Boutique.
  7156 | D:6      | Reached skill level 10 in Conjurations
  7162 | D:6      | Slain by a worker ant

Vault maps used:
D:1:      shiori_arrival_whats_in_store_for_you, roderic_three_in_a_row
D:2:      lemuel_crystal_altar, uniq_natasha
D:3:      uniq_jessica
D:4:      kennysheep_six_static_rooms, old_standard_altar
D:5:      minitemple, portal_sewer_entry_e, first_ration, serial_shops,
          nicolae_shop_waterfront
D:6:      slow_altar_2, kennysheep_mini, serial_shops, kennysheep_little_box,
          nicolae_shop_waterfront, shop, uniq_menkaure

Skill      XL: |  1  2  3  4  5  6  7  8 |
---------------+-------------------------+-----
Spellcasting   | 4 5 6 7 9 10 | 10.0
Conjurations   | 5 6 7 8 10 | 10.0
Dodging        | |  2.4
Stealth        | |  2.4

Action                   |  1- 3 |  4- 6 |  7- 9 || total
-------------------------+-------+-------+-------++-------
Melee: Club              |    14 |       |       ||    14
       Spear             |       |       |     2 ||     2
 Cast: Magic Dart        |    61 |   125 |    73 ||   259
       Searing Ray       |     1 |    14 |     8 ||    23
       Iskenderun's Myst |       |    14 |    34 ||    48
  Use: Scroll            |       |       |    14 ||    14
  Eat: Chunk             |     1 |    12 |     4 ||    17
       Ration            |       |     1 |       ||     1
Armor: Robe              |     9 |     4 |     1 ||    14
Dodge: Dodged            |    37 |    24 |    17 ||    78

Table legend:
 A = Spawn XP
 B = Non-spawn XP
 C = Spawn XP percentage of total XP
 D = Spawn monster count
 E = Non-spawn monster count
 F = Spawn count percentage of total count
 G = Total turns spent on level
                    A         B        C        D         E        F      G
               +---------+---------+-------+---------+---------+-------+---------
         Total |       0 |    2327 |   0.0 |       0 |     161 |   0.0 |  7162
               +---------+---------+-------+---------+---------+-------+---------
           D:1 |       0 |      53 |   0.0 |       0 |      27 |   0.0 |  1091
           D:2 |       0 |     303 |   0.0 |       0 |      39 |   0.0 |  1459
           D:3 |       0 |     175 |   0.0 |       0 |      36 |   0.0 |  1287
           D:4 |       0 |     164 |   0.0 |       0 |      19 |   0.0 |  1401
           D:5 |       0 |     578 |   0.0 |       0 |      16 |   0.0 |   950
           D:6 |       0 |    1054 |   0.0 |       0 |      24 |   0.0 |   974
               +---------+---------+-------+---------+---------+-------+---------
